 Dungeon Crawl Stone Soup version 0.22.1-1-ga44c0e56f4 (webtiles) character file.

384 Pocketmage the Shield-Bearer (level 6, -1/56 HPs)
             Began as a Minotaur Fighter on Sept 24, 2018.
             Slain by a slave (3 damage)
             ... led by Pikel
             ... on level 4 of the Dungeon.
             The game lasted 00:12:24 (2481 turns).

Pocketmage the Shield-Bearer (Minotaur Fighter)     Turns: 2481, Time: 00:12:24

Health: -1/56      AC:  7    Str: 22    XL:     6   Next: 47%
Magic:  5/5        EV:  8    Int:  5    God:
Gold:   48         SH: 10    Dex: 10    Spells: 5/5 levels left

rFire    . . .     SeeInvis .   a - +0 war axe
rCold    . . .     Gourm    .   c - +0 shield
rNeg     . . .     Faith    .   b - +0 scale mail
rPois    .         Spirit   .   (helmet restricted)
rElec    .         Reflect  .   (no cloak)
rCorr    .         Harm     .   (no gloves)
MR       .....                  (no boots)
Stlth    ..........             (no amulet)
HPRegen  0.18/turn              (no ring)
MPRegen  0.09/turn              (no ring)

@: no status effects
A: retaliatory headbutt, horns 2
a: no special abilities


You were on level 4 of the Dungeon.
You were not hungry.

You visited 1 branch of the dungeon, and saw 4 of its levels.

You collected 48 gold pieces.

Inventory:

Hand Weapons
 a - a +0 war axe (weapon)
Armour
 b - a +0 scale mail (worn)
 c - a +0 shield (worn)
Wands
 n - a wand of flame (45)
Scrolls
 g - 2 scrolls of teleportation {unknown}
 h - a scroll of fog {unknown}
 j - a scroll of fear {unknown}
 k - 4 scrolls of remove curse {unknown}
 o - a scroll of enchant armour {unknown}
Potions
 d - a potion of might
 e - 2 potions of curing {unknown}
 i - a potion of resistance {unknown}
 l - 2 potions of ambrosia {unknown}
 m - 2 potions of heal wounds {unknown}
Comestibles
 f - a ration


   Skills:
 + Level 5.1 Fighting
 + Level 4.1 Axes
 + Level 5.2 Armour
 * Level 6.2 Shields


You had 5 spell levels left.
You didn't know any spells.
Your spell library was empty.

Dungeon Overview and Level Annotations

Branches:
Dungeon (4/15)             Temple (0/1) D:4

Altars:

Annotations:
D:1 exclusion: downstairs
D:2 Sigmund
D:4 Pikel


Innate Abilities, Weirdness & Mutations

You reflexively headbutt those who attack you in melee.
You have a pair of horns on your head.


Message History

Your shield and scale mail prevent you from hitting Pikel.
You headbutt Pikel, but do no damage.
Pikel is severely wounded.
You barely miss the slave.
You closely miss the slave. x2; You hit the slave.
You block Pikel's attack. The slave hits you.
* * * LOW HITPOINT WARNING * * *
The slave barely misses you. You block the slave's attack.
The slave closely misses you. Pikel hits you but does no damage.
The slave hits you.
* * * LOW HITPOINT WARNING * * *
You hit Pikel. Your headbutt misses Pikel.
Pikel is severely wounded.
You closely miss the slave. You hit the slave but do no damage.
You closely miss the slave. You hit the slave. You block the slave's attack.
The slave hits you.
* * * LOW HITPOINT WARNING * * *
The slave hits you but does no damage. Pikel hits you but does no damage.
The slave closely misses you. You furiously retaliate!
You headbutt the slave. The slave hits you but does no damage.
The slave hits you.
You die...

#!###.##(.?.#..
##.##...........
#..#........#.##
#.###########.#
#.####### #.#
###........ #.#
#.......... #.#
#pp........ #.#
#@p........ ...
#Kp........ #).
#..........
#....######
#....# #....#
#..... #....##


You could see Pikel and 4 slaves.

Vanquished Creatures
  2 ogres (D:4)
  A howler monkey (D:4)
  A bullfrog skeleton (D:4)
  Ijyb (D:3)
  Terence (D:2)
  2 adders
  An ooze (D:1)
  2 worms (D:2)
  2 dart slugs
  2 leopard geckos
  4 giant cockroaches
  5 goblins
  4 hobgoblins
  9 jackals
  2 quokkas (D:3)
  12 bats
  A frilled lizard (D:1)
  11 kobolds
  10 rats
73 creatures vanquished.

Notes
Turn   | Place    | Note
-------+----------+-------------------------------------------
     0 | D:1      | Pocketmage the Minotaur Fighter began the quest for the
                  | Orb.
     0 | D:1      | Reached XP level 1. HP: 19/19 MP: 0/0
    61 | D:1      | Reached XP level 2. HP: 27/27 MP: 1/1
   168 | D:1      | Reached skill level 4 in Shields
   505 | D:1      | Reached XP level 3. HP: 29/33 MP: 2/2
   781 | D:2      | Noticed Terence
   786 | D:2      | Killed Terence
   786 | D:2      | Reached XP level 4. HP: 36/40 MP: 3/3
   911 | D:2      | Noticed Sigmund
  1784 | D:3      | Reached skill level 5 in Shields
  1880 | D:3      | Noticed Ijyb
  1895 | D:3      | Killed Ijyb
  1895 | D:3      | Reached XP level 5. HP: 33/47 MP: 4/4
  2261 | D:4      | Noticed an ogre
  2268 | D:4      | Killed an ogre
  2272 | D:4      | Reached skill level 5 in Armour
  2411 | D:4      | Noticed an ogre
  2417 | D:4      | Killed an ogre
  2417 | D:4      | Reached skill level 5 in Fighting
  2417 | D:4      | Reached skill level 6 in Shields
  2417 | D:4      | Reached XP level 6. HP: 56/56 MP: 5/5
  2441 | D:4      | Found a staircase to the Ecumenical Temple.
  2470 | D:4      | Noticed a slave
  2472 | D:4      | Noticed a slave
  2473 | D:4      | Noticed Pikel
  2473 | D:4      | Noticed a slave
  2473 | D:4      | Noticed a slave
  2481 | D:4      | HP: 2/56 [slave[Pikel] (2)]
  2481 | D:4      | Slain by a slave

Skill      XL: |  1  2  3  4  5 |
---------------+----------------+-----
Shields        | 4 5 6 |  6.2
Fighting       | 4 5 |  5.1
Armour         | 4 5 |  5.2
Axes           | 3 4 |  4.1

Action                   |  1- 3 |  4- 6 || total
-------------------------+-------+-------++-------
Melee: War axe           |    78 |    92 ||   170
       Headbutt          |    12 |    19 ||    31
  Eat: Ration            |       |     2 ||     2
Armor: Scale mail        |    30 |    54 ||    84
Dodge: Dodged            |    24 |    36 ||    60
Block: Shield            |    45 |    69 ||   114
